Map: [ESL] Site Delta

Players

Oliveira

  • Race: Terran Terran
  • Spawn Location: 5:00

Serral - Winner!

  • Race: Zerg Zerg
  • Spawn Location: 11:00

Event: ESL Spring 2024 Finals

VOD

Have the link to the VOD?

Description

Time

  • Played on: June 2, 2024, 3:01 p.m.
  • Length: 17:25

All games in this series

Show
View Real Time Build Order
Export as new Build Order

Oliveira Terran 

Build Orders: Hellion Banshee 

Get SALT Encoding   

  12  0:00  SCV  
  13  0:12  SCV  
  14  0:17  Supply Depot  
  14  0:24  SCV  
  15  0:38  SCV  
  15  0:40  Barracks  
  16  0:44  Refinery  
  16  0:51  SCV  
  17  1:03  SCV  
  18  1:15  SCV  
  19  1:27  Marine  
  19  1:28  Orbital Command  
  20  1:39  Command Center  
  20  1:45  Marine  
  21  1:53  Supply Depot  
  21  1:54  SCV  
  22  2:04  Barracks Reactor  
  22  2:06  SCV  
  23  2:16  Factory  
  23  2:18  SCV  
  24  2:30  SCV  
  25  2:38  Command Center  
  25  2:42  SCV  
  26  2:50  Orbital Command  
  26  2:54  SCV  
  27  3:06  SCV  
  27  3:07  Starport  
  27  3:08  Refinery  
  32  3:13  Hellion x2  
  32  3:16  SCV  
  32  3:17  Barracks Tech Lab  
  34  3:20  SCV  
  34  3:28  SCV  
  34  3:32  SCV  
  40  3:34  Hellion x2  
  40  3:40  SCV  
  41  3:44  SCV  
  42  3:50  Banshee  
  42  3:51  Barracks Tech Lab  
  42  3:53  SCV  
  51  3:55  Hellion  
  51  3:58  Orbital Command, SCV  
  51  4:00  Hellion  
  51  4:05  SCV  
  51  4:08  Supply Depot  
  52  4:11  SCV, Stimpack  
  52  4:12  Marine  
  54  4:18  Hellion  
  54  4:20  SCV  
  54  4:21  Hellion  
  54  4:23  SCV  
  60  4:27  SCV  
  61  4:32  SCV, Marine  
  61  4:33  Banshee, Supply Depot  
  66  4:40  SCV x2  
  66  4:44  SCV  
  66  4:45  Barracks  
  69  4:47  Barracks  
  69  4:48  Supply Depot  
  69  4:52  Factory Reactor  
  69  4:56  SCV  
  69  4:57  Engineering Bay  
  69  4:58  SCV, Engineering Bay  
  69  4:59  Refinery  
  71  5:00  SCV  
  71  5:01  Refinery  
  72  5:08  SCV  
  72  5:10  SCV  
  72  5:12  Orbital Command  
  74  5:16  Barracks  
  74  5:18  Barracks  
  74  5:21  SCV  
  75  5:22  SCV  
  75  5:24  Terran Infantry Weapons Level 1, Terran Infantry Armor Level 1  
  75  5:28  Marine  
  77  5:32  Supply Depot  
  77  5:33  SCV  
  77  5:34  SCV, Supply Depot  
  79  5:36  Siege Tank  
  79  5:39  Marine x2  
  79  5:40  Starport Reactor  
  79  5:41  SCV  
  85  5:48  Supply Depot  
  85  5:52  Supply Depot  
  85  5:53  SCV, Marine x3  
  85  5:54  SCV x2  
  85  5:56  Marine  
  91  6:03  Barracks x2  
  92  6:04  Barracks Reactor, Barracks  
  92  6:06  Barracks Reactor  
  92  6:07  Marine  
  92  6:09  SCV x3  
  96  6:11  Marine  
  96  6:15  Siege Tank, Supply Depot  
  100  6:19  Combat Shield, Marine  
  100  6:22  Medivac  
  100  6:23  Medivac  
  105  6:26  Marine, Supply Depot  
  105  6:27  Marine  
  105  6:29  SCV  
  105  6:30  SCV  
  105  6:31  SCV  
  110  6:34  Marine x2  
  110  6:39  Marine  
  113  6:40  Supply Depot  
  113  6:42  Supply Depot  
  113  6:44  Marine  
  113  6:45  Marine x2  
  116  6:48  Marine x2  
  116  6:49  Siege Tank, Armory  
  116  6:51  Supply Depot  
  116  6:53  SCV  
  116  6:54  Marine x3  
  123  6:57  Marine  
  123  6:58  Medivac x2  
  123  6:59  Marine  
  123  7:00  Marine x2  
  133  7:02  Marine  
  133  7:04  Marine x2  
  133  7:07  Missile Turret  
  136  7:08  Marine  
  136  7:09  Missile Turret  
  136  7:11  Missile Turret, Marine  
  136  7:12  Marine  
  139  7:16  Marine x2, Supply Depot  
  144  7:27  Siege Tank  
  144  7:28  Barracks Tech Lab x3  
  144  7:31  Marine x2  
  144  7:34  Supply Depot  
  145  7:38  Marine x2  
  145  7:39  Marine x3  
  145  7:40  Terran Infantry Armor Level 2, Terran Infantry Weapons Level 2  
  148  7:45  Marauder  
  148  7:47  Marine  
  148  7:49  Marine  
  148  7:50  Marine  
  153  7:51  Marine x2  
  153  7:52  Marauder  
  153  7:56  Marine  
  153  7:57  Supply Depot x2  
  153  7:58  Concussive Shells, Marine, Refinery  
  157  7:59  Marine  
  157  8:01  Marine  
  157  8:02  Marine  
  157  8:04  Siege Tank  
  163  8:07  Marine x2  
  163  8:11  Medivac  
  163  8:12  Marine  
  170  8:13  Marauder  
  170  8:17  Marine x2, Supply Depot  
  172  8:23  Marine  
  172  8:24  Marine, Marauder  
  175  8:27  Marine x3  
  175  8:28  Marauder  
  175  8:30  Medivac  
  175  8:32  Marine  
  183  8:36  Marine  
  183  8:37  Marine, Marauder  
  183  8:41  Marine x2  
  187  8:43  Marine  
  187  8:45  Marine  
  187  8:46  Marauder  
  193  8:49  Siege Tank  
  193  8:52  Marine x2  
  193  8:53  Marauder  
  191  9:03  Marine x2, Marauder  
  187  9:11  Marine  
  187  9:12  Marine  
  187  9:13  Marine x4, Marauder  
  187  9:14  Marauder  
  187  9:15  Marine  
  191  9:20  Marine  
  191  9:21  Siege Tank, Marine  
  190  9:25  Marauder  
  190  9:29  Marine  
  190  9:30  Marine x2  
  190  9:31  Marine x3  
  177  9:34  Marauder  
  177  9:35  Marine, Marauder  
  171  9:38  Marine x2  
  165  9:46  Marine x2  
  165  9:48  Marine x3  
  165  9:49  Marine x2  
  154  9:53  Marauder, Medivac  
  154  9:55  Marauder  
  154  9:56  Marine x2, Marauder  
  154  9:58  Siege Tank  
  159  10:03  Marine  
  159  10:04  Marine  
  159  10:06  Marine x3  
  152  10:11  Marine x2  
  131  10:14  Marine, Marauder  
  131  10:15  Marine  
  131  10:16  Marauder  
  131  10:17  Marauder  
  126  10:21  Marine  
  126  10:22  Marine  
  126  10:25  Terran Infantry Weapons Level 3, Marine x2  
  126  10:26  Marine  
  131  10:29  Marine x2  
  131  10:33  Siege Tank  
  131  10:34  Marine  
  137  10:38  Liberator  
  137  10:40  Liberator  
  143  10:44  Marine x3  
  143  10:45  Marine, Marauder  
  143  10:47  Marine x2  
  151  10:51  Marauder x2  
  151  10:55  Marauder  
  151  10:56  Marine x2  
  159  11:02  Marine  
  158  11:06  Marine x2, Marauder  
  158  11:07  Siege Tank  
  164  11:13  Marine, Marauder x2  
  164  11:15  Marine x3  
  164  11:16  Marauder  
  174  11:21  Liberator  
  174  11:23  Liberator  
  174  11:24  Marine  
  180  11:26  Marine  
  180  11:27  Marauder  
  180  11:29  Marine  
  180  11:31  Marine x2  
  186  11:33  Marine  
  186  11:34  Marine x2, Marauder  
  188  11:47  Marine  
  188  11:48  Marauder  
  188  11:52  Marine x2, Marauder  
  188  11:53  Siege Tank  
  197  12:02  Marine  
  197  12:03  Marine  
  197  12:14  Marine  
  162  12:23  Marine x2, Marauder  
  162  12:26  Marine  
  162  12:29  Marine x3  
  171  12:30  Marauder x2  
  171  12:31  Siege Tank, Liberator x2  
  171  12:32  Marine  
  171  12:36  Command Center  
  180  12:37  Marine  
  180  12:44  Marine x2, Marauder  
  159  12:56  Marine x2  
  159  12:57  Marine x3, Marauder  
  159  12:58  Marine x2, Marauder  
  134  13:04  Marine  
  135  13:06  Marauder  
  135  13:09  Marine  
  135  13:12  Siege Tank  
  141  13:14  Marine  
  141  13:17  Marauder  
  141  13:18  Marauder  
  145  13:20  Marine x2  
  145  13:21  Marauder  
  146  13:29  Marine  
  128  13:34  Marine x2  
  128  13:35  Marauder  
  128  13:39  Marine  
  133  13:46  Marine, Marauder  
  133  13:47  Liberator x2  
  133  13:52  Marine x2, Marauder  
  138  13:56  Marine  
  138  13:57  Marine  
  138  14:08  Widow Mine x2  
  142  14:12  Marauder  
  142  14:13  Marauder  
  142  14:15  Marauder  
  148  14:20  Marauder  
  150  14:26  Marauder  
  150  14:30  Planetary Fortress  
  152  14:35  Widow Mine  
  152  14:36  Widow Mine  
  152  14:37  Marine  
  152  14:38  Marine  
  158  14:40  Marauder  
  158  14:43  Marauder  
  162  14:45  Marine  
  162  14:46  Marine x2  
  162  14:48  Marine  
  166  14:54  Liberator x2  
  166  14:55  Marine  
  171  15:01  Marine x2  
  171  15:02  Marine, Marauder  
  176  15:10  Widow Mine  
  176  15:11  Widow Mine, Marine x2  
  176  15:12  Marauder  
  176  15:13  Orbital Command  
  184  15:18  Marine x2  
  184  15:19  Marauder x2  
  182  15:36  Supply Depot x2  
  182  15:37  Supply Depot x2  
  182  15:38  Supply Depot  
  182  15:39  Supply Depot  
  182  15:40  Supply Depot  
  133  16:04  Marine x2  
  133  16:09  Marine  
Show
View Real Time Build Order
Export as new Build Order

Serral Zerg - Winner!

Build Orders: Hatch First 

Get SALT Encoding   

  12  0:00  Drone  
  13  0:12  Overlord  
  13  0:17  Drone  
  14  0:30  Drone x2  
  16  0:47  Hatchery  
  15  0:51  Drone  
  15  0:54  Drone  
  17  0:57  Drone  
  18  1:08  Extractor  
  17  1:13  Spawning Pool  
  17  1:16  Drone  
  17  1:18  Drone  
  18  1:28  Drone  
  19  1:38  Drone  
  20  1:49  Drone  
  21  1:59  Queen x2  
  21  2:00  Zergling x4  
  27  2:08  Metabolic Boost  
  27  2:10  Overlord  
  27  2:11  Drone  
  28  2:27  Hatchery  
  28  2:29  Drone  
  28  2:31  Drone  
  28  2:34  Drone  
  30  2:37  Drone  
  30  2:43  Queen  
  33  2:48  Overlord  
  33  2:52  Drone  
  33  2:53  Drone  
  33  2:54  Drone  
  36  3:03  Overlord  
  36  3:07  Queen  
  36  3:10  Drone x2  
  36  3:11  Drone  
  41  3:13  Drone  
  41  3:15  Drone  
  43  3:21  Queen  
  43  3:22  Drone  
  43  3:25  Drone  
  47  3:32  Roach Warren  
  46  3:36  Drone  
  46  3:37  Overlord  
  46  3:41  Zergling x4  
  49  3:43  Queen  
  49  3:46  Drone  
  49  3:48  Drone  
  53  3:52  Overlord  
  53  3:53  Overlord  
  53  3:57  Drone, Zergling x2  
  53  4:00  Drone x2  
  57  4:05  Overlord  
  57  4:10  Drone  
  57  4:15  Drone x3  
  61  4:17  Drone  
  61  4:18  Overlord  
  61  4:22  Lair  
  61  4:23  Drone x3  
  65  4:27  Zergling x2  
  65  4:29  Zergling x4  
  67  4:32  Drone, Overlord  
  67  4:35  Drone  
  69  4:39  Drone  
  69  4:41  Drone  
  69  4:42  Extractor  
  69  4:45  Drone  
  71  4:47  Drone x3  
  71  4:51  Zergling x2  
  71  4:52  Zergling x2  
  76  4:53  Drone x2, Overlord  
  76  4:57  Drone  
  79  5:01  Drone  
  79  5:04  Spore Crawler  
  79  5:05  Drone, Spore Crawler x2  
  78  5:08  Hatchery  
  78  5:10  Roach x3  
  78  5:11  Roach  
  78  5:12  Drone  
  86  5:18  Zergling x2  
  86  5:19  Overlord  
  86  5:21  Glial Reconstitution  
  87  5:22  Extractor  
  87  5:23  Extractor, Overseer, Drone x3  
  88  5:28  Overlord  
  88  5:29  Drone x3  
  88  5:31  Extractor  
  88  5:32  Extractor, Drone  
  88  5:35  Evolution Chamber  
  89  5:36  Drone  
  89  5:37  Evolution Chamber, Overseer  
  89  5:39  Drone  
  90  5:43  Drone x2  
  90  5:49  Drone  
  94  5:50  Drone  
  94  5:51  Drone x2  
  94  5:54  Overlord  
  94  5:55  Drone x2  
  94  5:56  Drone x2  
  100  6:02  Drone x4  
  104  6:05  Zerg Ground Armor Level 1, Zerg Missile Weapons Level 1  
  104  6:06  Drone  
  104  6:07  Drone  
  104  6:10  Infestation Pit  
  105  6:11  Drone  
  105  6:13  Drone  
  105  6:15  Overlord  
  107  6:24  Baneling Nest  
  106  6:26  Drone x2  
  106  6:27  Roach x6  
  120  6:39  Overlord  
  122  6:40  Extractor, Drone x3  
  122  6:41  Roach x3  
  122  6:46  Overlord  
  130  6:48  Roach x2  
  130  6:50  Overlord  
  130  6:52  Hive  
  134  6:55  Drone  
  134  6:56  Overlord x2  
  134  7:01  Roach  
  134  7:02  Roach x3  
  134  7:07  Roach x6  
  152  7:08  Ravager  
  152  7:09  Ravager x2  
  152  7:12  Centrifugal Hooks  
  155  7:16  Zergling x8  
  155  7:22  Zergling x14  
  165  7:25  Overlord  
  165  7:29  Queen  
  167  7:37  Zergling x18  
  176  7:45  Baneling x10  
  176  7:46  Baneling  
  176  7:47  Overlord  
  176  7:50  Zergling x14  
  183  7:54  Zergling x6  
  188  7:59  Zerg Melee Weapons Level 1  
  188  8:00  Zerg Ground Armor Level 2, Overlord  
  185  8:06  Viper x2  
  185  8:09  Hatchery  
  190  8:13  Zergling x4  
  190  8:15  Adrenal Glands  
  190  8:19  Zergling x2  
  194  8:20  Zergling x14  
  199  8:39  Ultralisk Cavern  
  197  8:47  Baneling x3  
  197  8:48  Baneling x15  
  197  9:01  Zergling x16  
  199  9:03  Baneling x12  
  199  9:06  Hatchery  
  189  9:11  Baneling x5  
  189  9:12  Zergling x22  
  198  9:19  Zergling x2  
  198  9:20  Zergling x10  
  193  9:28  Zergling x24  
  179  9:34  Zergling x6  
  169  9:39  Baneling x4  
  169  9:40  Baneling x2  
  169  9:43  Roach x6, Chitinous Plating  
  172  9:46  Zergling x2  
  172  9:50  Zergling x10  
  172  9:52  Queen, Ravager x2  
  166  9:53  Ravager  
  166  9:55  Zergling x6  
  164  10:00  Zergling x2  
  164  10:01  Zergling x2  
  164  10:04  Ultralisk, Zergling x2  
  164  10:12  Ultralisk, Zergling x4  
  154  10:16  Zergling x6  
  137  10:28  Viper  
  137  10:30  Baneling x6  
  137  10:31  Baneling x4  
  137  10:33  Queen  
  137  10:35  Zergling x24  
  153  10:38  Zergling x2  
  153  10:42  Zergling x4  
  157  10:46  Zerg Ground Armor Level 3  
  157  10:57  Zergling x18  
  164  11:02  Anabolic Synthesis  
  163  11:05  Zergling x16  
  168  11:11  Zerg Melee Weapons Level 2  
  168  11:12  Viper  
  168  11:15  Zergling x8  
  168  11:16  Baneling  
  168  11:17  Baneling x4  
  174  11:27  Ultralisk, Zergling x2  
  174  11:28  Zergling x16  
  174  11:32  Baneling x4  
  189  11:38  Baneling x4  
  189  11:45  Zergling x28  
  199  11:47  Baneling x5  
  199  11:58  Baneling x7  
  187  12:20  Zergling x34  
  175  12:23  Ultralisk x2, Zergling x2  
  175  12:24  Zergling x12  
  175  12:28  Baneling x10  
  194  12:32  Ravager  
  194  12:36  Zergling x16  
  200  12:44  Zergling x12  
  189  12:47  Baneling x6  
  173  12:54  Ultralisk, Zergling x14  
  157  13:01  Baneling x2  
  157  13:03  Viper  
  160  13:10  Zergling x18  
  169  13:19  Hatchery  
  168  13:20  Baneling x6  
  168  13:26  Zergling x18  
  173  13:29  Zergling x2  
  173  13:30  Zergling x6  
  161  13:37  Zergling x14  
  165  13:52  Hatchery  
  165  13:54  Hatchery  
  165  13:55  Drone x3  
  165  14:07  Ultralisk x2  
  165  14:08  Infestor  
  165  14:09  Baneling  
  178  14:10  Baneling x3  
  178  14:20  Overseer, Overlord  
  178  14:24  Ultralisk  
  178  14:28  Burrow  
  182  14:31  Overseer  
  182  14:45  Ultralisk  
  188  14:50  Extractor, Drone x3  
  188  14:52  Zergling x4  
  192  14:53  Zergling x16  
  200  15:04  Baneling x8  
  197  15:29  Zergling x6  
  197  15:34  Baneling x6, Hatchery  
  199  15:42  Zergling x10  
  199  15:47  Zergling x6  
  199  15:48  Hatchery  
  188  15:54  Zergling x26  
  196  16:04  Roach x3  
  196  16:07  Ravager  
  196  16:09  Roach x2  
  191  16:18  Roach  
  176  16:37  Roach Warren  
  176  16:39  Roach Warren, Zergling x14  
  168  16:49  Zergling x16  
  169  16:58  Zergling x2  
  143  17:02  Zergling x2  
  135  17:16  Ravager  
Tags
 
Add a new tag
Caveats
  • Supply blocks, unpowered buildings, or Contaminate may cause inaccurate times.
  • Supply counts are checked every 10 seconds.